Map: Central Protocol

Players

Grumm

  • Race: Terran Terran
  • League: Gold

Minute - Winner!

  • Race: Protoss Protoss
  • League: Silver

VOD

Have the link to the VOD?

Description

Time

  • Played on: Feb. 16, 2016, 2:43 a.m.
  • Length: 11:14
Show
View Real Time Build Order
Export as new Build Order

Grumm Terran 

Build Orders: MMM Bio 

Get SALT Encoding   

  12  0:01  SCV  
  13  0:15  Supply Depot  
  13  0:18  SCV  
  14  0:30  SCV  
  15  0:50  SCV, Barracks  
  15  0:53  Refinery  
  16  1:02  SCV  
  17  1:14  SCV  
  18  1:22  Barracks  
  18  1:26  SCV  
  18  1:27  Refinery  
  19  1:40  Marine  
  19  1:45  SCV  
  21  1:57  SCV  
  22  2:10  SCV  
  22  2:12  Factory  
  22  2:13  Barracks Tech Lab  
  22  2:14  Barracks Tech Lab  
  23  2:27  Supply Depot  
  23  2:36  Concussive Shells  
  23  2:40  Combat Shields  
  23  2:45  Orbital Command  
  23  2:49  Marine x2  
  25  2:55  Supply Depot  
  24  3:02  Starport  
  24  3:08  Widow Mine  
  26  3:16  Marauder  
  28  3:20  Reaper  
  28  3:25  SCV  
  30  3:37  SCV  
  30  3:39  Medivac  
  33  3:59  Command Center  
  33  4:10  Hellion  
  33  4:14  Medivac  
  33  4:16  Marauder  
  39  4:19  Stimpack  
  39  4:39  Factory Tech Lab  
  39  5:10  Marine x2, Siege Tank  
  44  5:14  Medivac  
  44  5:17  SCV x2  
  48  5:23  Refinery  
  48  5:28  Marauder, Marine  
  49  5:29  Orbital Command  
  49  5:31  SCV  
  52  5:35  Refinery  
  52  5:43  SCV  
  52  5:49  Marine  
  54  5:51  Supply Depot  
  54  5:55  Liberator  
  54  5:57  Engineering Bay  
  54  6:13  Marauder x2  
  62  6:18  SCV  
  62  6:29  Sensor Tower  
  62  6:33  Terran Infantry Weapons Level 1  
  62  6:44  Supply Depot  
  62  6:48  Supply Depot  
  62  6:55  Sensor Tower  
  62  7:02  Supply Depot  
  62  7:05  Marine x2  
  62  7:06  SCV x2  
  62  7:07  Supply Depot  
  66  7:18  SCV  
  69  7:23  Marine x2  
  71  7:30  Barracks  
  71  7:31  Siege Tank  
  71  7:34  Medivac  
  74  7:39  Missile Turret  
  74  7:41  Marine x2  
  74  7:43  Missile Turret, SCV  
  74  7:44  SCV  
  78  7:55  SCV  
  78  7:56  SCV  
  80  7:59  Marine x2  
  80  8:03  Barracks  
  82  8:07  Siege Tank  
  82  8:08  SCV x2  
  87  8:17  Viking  
  89  9:01  Barracks Reactor  
  89  9:06  Supply Depot, Marine x2  
  89  9:09  Hellion  
  93  9:23  Marine  
  94  9:28  Medivac, Marine  
  94  9:29  Supply Depot  
  94  9:30  Hellion  
  96  9:41  Marine  
  97  9:46  Marine  
  97  9:51  Supply Depot  
  88  9:58  Medivac  
  88  9:59  Marine  
  71  10:14  Siege Tank  
  74  10:24  SCV  
  74  10:25  SCV  
  76  10:36  SCV  
  76  10:37  SCV  
  70  10:53  Marauder, Marine x3  
Show
View Real Time Build Order
Export as new Build Order

Minute Protoss - Winner!

Build Orders:  

Get SALT Encoding   

  12  0:01  Probe (Chrono Boost)  
  13  0:11  Probe (Chrono Boost)  
  14  0:19  Pylon  
  14  0:22  Probe (Chrono Boost)  
  15  0:38  Probe (Chrono Boost)  
  15  0:41  Gateway  
  16  0:48  Probe (Chrono Boost)  
  17  0:52  Assimilator  
  17  0:59  Probe (Chrono Boost)  
  18  1:10  Probe (Chrono Boost)  
  19  1:20  Probe (Chrono Boost)  
  20  1:29  Cybernetics Core  
  20  1:31  Probe (Chrono Boost)  
  21  1:39  Assimilator  
  21  1:41  Probe (Chrono Boost)  
  22  1:55  Nexus  
  22  1:59  Probe (Chrono Boost)  
  23  2:05  Pylon  
  23  2:11  Probe (Chrono Boost)  
  23  2:18  Warp Gate  
  23  2:23  Stalker  
  25  2:32  Mothership Core (Chrono Boost)  
  25  2:36  Pylon  
  27  2:50  Probe (Chrono Boost)  
  28  2:54  Gateway  
  28  3:05  Probe (Chrono Boost)  
  29  3:10  Robotics Facility  
  29  3:12  Probe (Chrono Boost)  
  30  3:15  Probe (Chrono Boost)  
  31  3:22  Probe (Chrono Boost)  
  31  3:26  Probe (Chrono Boost)  
  33  3:33  Forge, Probe (Chrono Boost)  
  34  3:36  Gateway  
  34  3:37  Probe (Chrono Boost)  
  35  3:43  Probe (Chrono Boost)  
  36  3:53  Probe x2 (Chrono Boost)  
  38  3:57  Observer (Chrono Boost)  
  39  4:03  Probe  
  39  4:04  Probe  
  39  4:09  Gateway, Protoss Ground Weapons Level 1  
  41  4:13  Probe  
  41  4:16  Probe  
  43  4:18  Pylon  
  43  4:20  Pylon  
  43  4:24  Probe  
  43  4:26  Observer (Chrono Boost)  
  43  4:28  Probe  
  46  4:32  Stalker x2  
  46  4:34  Probe  
  51  4:40  Probe  
  51  4:45  Probe  
  53  4:53  Probe  
  55  5:00  Observer (Chrono Boost)  
  55  5:01  Stalker x3  
  61  5:09  Probe  
  61  5:10  Probe  
  63  5:16  Assimilator, Pylon  
  63  5:18  Assimilator  
  63  5:20  Pylon  
  63  5:21  Probe  
  63  5:22  Probe  
  63  5:26  Observer (Chrono Boost)  
  66  5:35  Twilight Council  
  66  5:38  Gateway  
  66  5:41  Gateway x2  
  66  5:43  Pylon x2  
  66  5:44  Probe  
  66  5:45  Probe  
  68  5:55  Probe  
  69  5:57  Probe  
  69  6:01  Observer (Chrono Boost)  
  71  6:08  Nexus, Zealot  
  71  6:09  Zealot  
  75  6:13  Pylon  
  75  6:15  Pylon  
  75  6:18  Blink  
  75  6:19  Pylon  
  75  6:23  Immortal (Chrono Boost)  
  79  6:33  Assimilator  
  79  6:36  Assimilator  
  79  6:42  Photon Cannon  
  79  6:43  Probe  
  79  6:44  Photon Cannon  
  79  6:45  Probe  
  81  6:48  Stalker x2, Photon Cannon  
  81  6:49  Stalker  
  87  7:10  Probe  
  87  7:11  Probe  
  89  7:18  Robotics Bay  
  89  7:19  Pylon  
  89  7:20  Pylon  
  89  7:23  Probe  
  89  7:25  Forge  
  90  7:31  Probe x2  
  90  7:35  Probe  
  93  7:41  Probe  
  93  7:42  Probe  
  95  7:45  Stalker x3  
  95  7:46  Protoss Ground Weapons Level 2 (Chrono Boost)  
  95  7:47  Immortal (Chrono Boost)  
  95  7:48  Protoss Ground Armor Level 1 (Chrono Boost)  
  105  8:12  Robotics Facility  
  105  8:21  Zealot x4  
  105  8:23  Colossus  
  119  8:30  Extended Thermal Lance (Chrono Boost)  
  119  8:35  Probe x3  
  122  8:47  Probe x2  
  122  8:48  Probe  
  125  8:50  Nexus  
  125  8:58  Colossus  
  131  9:03  Zealot x3  
  131  9:04  Zealot x2  
  141  9:17  Colossus  
  147  9:34  Pylon  
  145  9:40  Stalker x4  
  145  9:41  Zealot x2  
  157  9:51  Pylon  
  155  10:11  Stalker  
  155  10:12  Stalker x6  
  169  10:17  Colossus x2 (Chrono Boost)  
  181  10:39  Pylon  
  167  10:52  Stalker x6  
  167  10:53  Stalker  
  167  10:56  Pylon  
  173  11:13  Nexus  
Tags
 
Add a new tag
Caveats
  • Supply blocks, unpowered buildings, or Contaminate may cause inaccurate times.
  • Supply counts are checked every 10 seconds.